 Dungeon Crawl Stone Soup version 0.18.1-48-g4cf74bf (webtiles) character file.

168 WarriorsX the Conjurer (level 5, -5/31 HPs)
             Began as a High Elf Conjurer on Aug 8, 2016.
             Slain by an orc
             ... wielding a +0 trident
              (8 damage)
             ... on level 3 of the Dungeon.
             The game lasted 00:10:14 (2829 turns).

WarriorsX the Conjurer (High Elf Conjurer)          Turns: 2829, Time: 00:10:16

Health: -5/31      AC:  6    Str: 12    XL:     5   Next: 24%
Magic:  3/11       EV: 12    Int: 20    God:
Gold:   173        SH:  4    Dex: 15    Spells: 2 memorised, 6 levels left

rFire  + . .     SeeInvis .     (no weapon)
rCold  . . .     Gourm    .     a - +0 robe
rNeg   . . .     Faith    .     (no shield)
rPois  .         Spirit   .     (no helmet)
rElec  .         Dismiss  .     (no cloak)
rCorr  .         Reflect  +     u - +1 pair of gloves
SustAt .         Harm     .     d - +1 pair of boots
MR     .....                    o - +4 amulet of reflection
Stlth  ++........               (no ring)
                                g - ring of protection from fire

@: mighty, not resistant to hostile enchantments, unstealthy
A: no striking features
a: no special abilities


You were on level 3 of the Dungeon.
You were not hungry.

You visited 1 branch of the dungeon, and saw 3 of its levels.

You collected 173 gold pieces.

Inventory:

Armour
 a - a +0 robe (worn)
 d - a +1 pair of boots (worn)
 u - a +1 pair of gloves (worn)
Jewellery
 g - a ring of protection from fire (left hand)
 o - a +4 amulet of reflection (around neck)
Scrolls
 e - a scroll of random uselessness {unknown}
 f - a scroll of fog {unknown}
 k - 4 scrolls of remove curse {unknown}
 l - a scroll of recharging {unknown}
 p - a scroll of magic mapping {unknown}
 q - a scroll of identify {unknown}
 t - a scroll of teleportation {unknown}
Potions
 h - a potion of beneficial mutation {unknown}
 i - 2 potions of curing {unknown}
 j - a potion of haste {unknown}
 m - 2 potions of might
 n - a potion of cure mutation {unknown}
 r - a potion of invisibility {unknown}
 s - a potion of cancellation {unknown}
Books
 b - a book of Conjurations

   Spells                             Type                      Level
   a - Magic Dart                     Conjuration                  1
   b - Searing Ray                    Conjuration                  2
   c - Dazzling Spray                 Conjuration/Hexes            3
   d - Fulminant Prism                Conjuration/Hexes            4
   e - Iskenderun's Mystic Blast      Conjuration                  4
   f - Iskenderun's Battlesphere      Conjuration/Charms           5
Comestibles
 c - 2 bread rations


   Skills:
 + Level 0.2 Fighting
 - Level 2.1 Dodging
 - Level 2.1 Stealth
 + Level 3.8 Spellcasting
 + Level 6.5 Conjurations


You had 6 spell levels left.
You knew the following spells:

 Your Spells              Type           Power        Failure   Level  Hunger
a - Magic Dart            Conj           ####         1%          1    None
b - Iskenderun's Mystic   Conj           ####....     12%         4    ####...


Dungeon Overview and Level Annotations

Branches:
Dungeon (3/15)

Altars:


Message History

The orc seems less confused.
The orc throws a tomahawk.
The tomahawk barely misses you. The orc hits you with a dagger.
* * * LOW HITPOINT WARNING * * *
You hear some strange, mumbled words.
A puff of flame appears from out of thin air!
The puff of flame misses the orc.
The puff of flame hits you! You resist.
* * * LOW HITPOINT WARNING * * *
The orc barely misses you.
The orc hits you from afar with a trident.
* * * LOW HITPOINT WARNING * * *
You're too confused to move!
The orc hits you but does no damage.
You hear some strange, mumbled words.
A puff of flame appears from out of thin air!
The puff of flame hits the orc.
The orc dies!
Unknown command.
You feel less confused.
The orc hits you from afar with a trident!
You die...

#.................%......#
#..............<.........# #
#..................(.....#.#
#.........)[.............#.#.
#....................(.......
#.............)..........#
#.....$..................# ..
#.......!........o.......#####
.
#...............@....†.......#
#
#...>...(........)o......###)#
# #...............o...o....#
#.# #
#................o..†....# #.#
# #........................#
#.# #
#........................# #.#
# #..................(.....#
#.# #
.................†......# #.#
# ........................#
#.####


You could see 5 orcs.

Vanquished Creatures
  An orc wizard (D:3)
  5 adders (D:2)
  2 river rats (D:3)
  An ooze (D:3)
  3 worms (D:2)
  2 dart slugs (D:1)
  7 giant geckos
  4 orcs
  A ball python (D:2)
  5 bats
  A giant cockroach (D:2)
  2 goblins
  4 hobgoblins
  4 jackals (D:2)
  4 kobolds
  A quokka (D:3)
  2 giant newts
  5 rats
54 creatures vanquished.

Vanquished Creatures (others)
  An orc (D:3)
1 creature vanquished.

Grand Total: 55 creatures vanquished

Notes
Turn   | Place    | Note
--------------------------------------------------------------
     0 | D:1      | WarriorsX the High Elf Conjurer began the quest for the Orb.
     0 | D:1      | Reached XP level 1. HP: 11/11 MP: 4/4
   385 | D:1      | Reached XP level 2. HP: 17/17 MP: 3/6
   543 | D:1      | Reached skill level 5 in Conjurations
  1084 | D:2      | Reached XP level 3. HP: 21/21 MP: 1/7
  1433 | D:2      | Reached XP level 4. HP: 27/27 MP: 5/9
  1509 | D:2      | Reached skill level 6 in Conjurations
  1963 | D:2      | Learned a level 4 spell: Iskenderun's Mystic Blast
  2436 | D:3      | Reached XP level 5. HP: 12/31 MP: 2/11
  2829 | D:3      | Slain by an orc

Skill      XL: |  1  2  3  4 |
---------------+-------------+-----
Conjurations   | 5 6 |  6.5
Spellcasting   | 3 |  3.8
Fighting       | |  0.2
Dodging        | |  2.1
Stealth        | |  2.1

Action                   |  1- 3 |  4- 6 || total
-------------------------+-------+-------++-------
Melee: Unarmed           |       |    14 ||    14
 Cast: Magic Dart        |    61 |    71 ||   132
       Iskenderun's Myst |       |     4 ||     4
  Use: Potion            |       |     1 ||     1
  Eat: Chunk             |     2 |     3 ||     5
       Beef jerky        |       |     1 ||     1
Armor: Robe              |     3 |    20 ||    23
Dodge: Dodged            |     5 |    57 ||    62
Block: Other             |     1 |    11 ||    12
